 Seeded DCSS version 0.29.1-4-g47bece8355 (webtiles) character file.

Game seed: 11783567295339809362 (custom seed)

11 valliere the Scratcher (level 2, -4/12 HPs)
             Began as a Felid Transmuter on Dec 5, 2022.
             Slain by a gnoll
             ... wielding a +1 vampiric whip
              (10 damage)
             ... on level 2 of the Dungeon.
             The game lasted 00:01:18 (1117 turns).

valliere the Scratcher (Felid Transmuter)           Turns: 1117, Time: 00:01:19

Health: -4/12      AC:  1    Str:  6    XL:     2   Next: 17%
Magic:  5/6        EV: 21    Int: 14    God:
Gold:   33         SH:  0    Dex: 16    Spells: 4/5 levels left
                                        Lives:  0   Deaths: 0

rFire   . . .      SeeInvis +     - Unarmed
rCold   . . .      Faith    .   (shield unavailable)
rNeg    . . .      Spirit   .   (body armour unavailable)
rPois   .          Reflect  .   (helmet unavailable)
rElec   .          Harm     .   (cloak unavailable)
rCorr   .          Rampage  .   (gloves unavailable)
Will    .....                   (boots unavailable)
Stlth   ++........              (no amulet)
HPRegen 0.04/turn               e - ring of wizardry
MPRegen 0.10/turn               i - +4 ring of evasion

@: appendages, quick
A: horns 2, very small, claws 1, fangs 3, see invisible, speed 1, shaggy fur 1,
stealthy paws, no weapons or thrown items, no armour, multi-lived
a: End Transformation


You were on level 2 of the Dungeon.
You had temporarily grown beastly horns.
You visited 1 branch of the dungeon, and saw 2 of its levels.

You collected 33 gold pieces.

Inventory:

Jewellery
 e - a ring of wizardry (left paw)
 i - a +4 ring of evasion (right paw)
Scrolls
 b - a scroll of enchant armour {unknown}
 c - a scroll of amnesia {unknown}
 f - a scroll of noise {unknown}
 h - a scroll of poison {unknown}
Potions
 a - 2 potions of lignification
 d - a potion of mutation {unknown}
 g - a potion of curing {unknown}


   Skills:
 + Level 1.1 Fighting
 + Level 2.8 Dodging
 * Level 1.5 Stealth
 * Level 3.2 Unarmed Combat
 - Level 2.0 Spellcasting
 + Level 2.3 Transmutations


You had 4 spell levels left.
You knew the following spells:

 Your Spells              Type           Power      Damage    Failure   Level
a - Beastly Appendage     Tmut           16%        N/A       3%          1

Your spell library contained the following spells:

 Spells                   Type           Power      Damage    Failure   Level
 Wereblood                Tmut           8%         N/A       6%          2
 Sublimation of Blood     Necr           1%         N/A       14%         2
 Spider Form              Tmut/Pois      4%         N/A       17%         3
 Ice Form                 Ice/Tmut       4%         N/A       47%         4
 Summon Hydra             Summ           0%         N/A       100%        7


Dungeon Overview and Level Annotations

Branches:
Dungeon (2/15)

Altars:


Innate Abilities, Weirdness & Mutations

You have temporarily grown beastly horns.
You have sharp claws.
You have razor-sharp teeth.
You have supernaturally acute eyesight. (SInv)
You cover ground quickly. (Speed+)
You are covered in fur. (AC +1)
Your paws help you pounce on unaware monsters.
You are incapable of wielding weapons or throwing items.
You cannot wear armour.
You gain extra lives every three experience levels.


Message History

There is a stone staircase leading down here.
You climb downwards.
There is a stone staircase leading up here.
You grow a pair of large bovine horns.
You pounce on the unaware helpless rat!
You claw the rat!
You kill the rat!
Your transformation is almost over.
Magic restored.
You open the door.
There is an open door here.
Your horns disappear.
You open the door.
There is an open door here.
You open the door.
There is an open door here.
You open the door. 2 gnolls come into view.
A gnoll is wielding a +1 vampiric whip.
The gnoll shouts!
You hear a shout!
There are monsters nearby!
There is an open door here.
There is a stone staircase leading up here.
You grow a pair of large bovine horns.
You scratch the gnoll.
The gnoll is moderately wounded.
The gnoll misses you.
You closely miss the gnoll. You headbutt the gnoll.
The gnoll is heavily wounded.
The gnoll barely misses you.
You scratch the gnoll but do no damage.
The gnoll is heavily wounded.
The gnoll hits you with a +1 vampiric whip.
Ouch! That really hurt!
The gnoll draws strength from your wounds!
You are too injured to fight recklessly!
Okay, then.
You scratch the gnoll.
The gnoll is moderately wounded.
The gnoll hits you with a +1 vampiric whip!
Ouch! That really hurt!
You die...

## ... #####+###
######.##
........###.#.......
#.....'g.g#.....#
##.....#####.....#
#..........'.....#
#.####.#####g....#
#.#...'@....#
#.#.#.#.<...#
#.#.#.'.....#
#.#.###.....#
#.#.........#####
#.#######........
#.........#######
#########


You could see a gnoll.

Vanquished Creatures
  A dart slug (D:1)
  An endoplasm (D:1)
  A giant cockroach (D:1)
  A hobgoblin (D:1)
  A quokka (D:1)
  A ball python (D:1)
  A bat (D:1)
  3 rats
10 creatures vanquished.

Notes
Turn   | Place    | Note
-------+----------+-------------------------------------------
     0 | D:1      | valliere the Felid Transmuter began the quest for the Orb.
     0 | D:1      | Reached XP level 1. HP: 9/9 MP: 4/4
   538 | D:1      | Reached skill level 1 in Stealth
   586 | D:1      | Reached XP level 2. HP: 12/12 MP: 4/6
  1117 | D:2      | Slain by a gnoll

Illustrated notes

Levels and vault maps discovered:
D:1:      scummos_arrival_hexagon, layout_basic, minmay_misc_feat_pillars,
          nrook_campfire, grunt_decor_mini_mirrors
D:2:      layout_basic, basic_altar, hex_large, minmay_tromino_v7

Skill      XL: |  1 |
---------------+----+-----
Stealth        | 1 |  1.5
Fighting       | |  1.1
Dodging        | |  2.8
Unarmed Combat | |  3.2
Spellcasting   | |  2.0
Transmutations | |  2.3

Action                   || total
-------------------------++-------
Melee: Unarmed           ||    35
       Headbutt          ||     5
       Bite              ||     1
 Cast: Beastly Appendage ||     9
 Stab: Sleeping          ||     1
Armor: Skin              ||     5
Dodge: Dodged            ||    24
